 Dungeon Crawl Stone Soup version 0.28.0-49-g6dfe1f597d (webtiles) character file.

Game seed: 4274826243170684172

4 Zeld the Sneak (level 1, 0/20 HPs)
             Began as a Hill Orc Delver on May 12, 2022.
             Slain by a gnoll sergeant
             ... wielding a +2 vorpal spear
              (1 damage)
             ... on level 6 of the Dungeon.
             The game lasted 00:00:36 (154 turns).

Zeld the Sneak (Hill Orc Delver)                     Turns: 154, Time: 00:00:36

Health: 0/20       AC:  3    Str: 14    XL:     1   Next: 60%
Magic:  1/1        EV: 11    Int: 10    God:
Gold:   0          SH:  0    Dex: 12    Spells: 0/0 levels left

rFire   . . .      SeeInvis .   a - +0 hand axe
rCold   . . .      Faith    .   (no shield)
rNeg    . . .      Spirit   .   b - +0 leather armour
rPois   .          Reflect  .   (no helmet)
rElec   .          Harm     .   (no cloak)
rCorr   .          Rampage  .   (no gloves)
Will    .....                   (no boots)
Stlth   ++........              (no amulet)
HPRegen 0.06/turn               (no ring)
MPRegen 0.07/turn               (no ring)

@: no status effects
A: no striking features
a: no special abilities


You were on level 6 of the Dungeon.
You visited 1 branch of the dungeon, and saw 2 of its levels.

Inventory:

Hand Weapons
 a - a +0 hand axe (weapon)
Armour
 b - a +0 leather armour (worn)
Wands
 g - a wand of digging (3)
Scrolls
 c - a scroll of fog
 d - a scroll of magic mapping
 e - a scroll of fear
 h - a scroll of enchant armour {unknown}
Potions
 f - a potion of haste
 i - a potion of might {unknown}


   Skills:
 + Level 3.7 Fighting
 + Level 2.8 Axes
 + Level 1.6 Dodging
 + Level 4.1 Stealth


You couldn't memorise any spells.
You didn't know any spells.
Your spell library was empty.

Dungeon Overview and Level Annotations

Branches:
Dungeon (6/15)
 Temple: D:4-7

Altars:

Shops:
D:6 !


Message History

The orc closely misses you. The orc hits you but does no damage.
You hit the orc but do no damage. You hit the orc. x2
You hit the orc but do no damage. The orc hits you with a +0 club.
* * * LOW HITPOINT WARNING * * *
The orc completely misses you. The orc hits you but does no damage.
The orc closely misses you. The orc hits you but does no damage.
Unknown command.
You hit the orc.
The orc is lightly wounded.
You hit the orc. You hit the orc but do no damage. x2
The orc closely misses you. The orc barely misses you.
The orc hits you but does no damage.
Unknown command.
You hit the orc.
You kill the orc!
You barely miss the orc. You hit the orc.
You kill the orc!
You hit the orc but do no damage. The orc misses you.
The orc barely misses you.
Your life force feels restored.
Things that are here:
a +0 war axe; a boomerang of dispersal; an orc corpse
Found a stone staircase leading down.
There is a stone staircase leading down here.
A sky beast comes into view.
The sky beast flickers out of sight!
Deactivating autopickup; reactivate with Ctrl-A.
You hear the hiss of a distant avalanche of sand.
The gnoll shouts!
You hear a shout! x3
A gnoll sergeant comes into view. It is wielding a +2 vorpal spear.
A gnoll sergeant comes into view.
It is wielding a +1 trident of protection.
A sky beast appears from thin air!
Reactivating autopickup.
You hear a shout! x2; The gnoll sergeant shouts!
A gnoll comes into view. It is wielding a +1 spear of venom.
The gnoll closely misses you.
A gnoll comes into view. It is wielding a +0 club.
The gnoll sergeant hits you from afar with a +2 vorpal spear.
* * * LOW HITPOINT WARNING * * *
You die...

#.......# #.......#
#.......# #.......#
#.......# #...#o###
###.###.Y# #.# #.n.# ##.#
#.. #Z### #@# .. #.# #g#
##.# #### #.# ##g# #..#
##... #n# ##...
##.#####.... #.#
#..g#####........#..
#Z####.#.g..)...#####.#..
###o##.....g.#...## ..#..
#######......####....###
.#.#..
..##.no..........#....#
.##.#(.


You could see a sky beast, 2 gnoll sergeants, 3 gnolls and an orc.

Vanquished Creatures
  2 orcs (D:6)
2 creatures vanquished.

Notes
Turn   | Place    | Note
-------+----------+-------------------------------------------
     0 | D:5      | Zeld the Hill Orc Delver began the quest for the Orb.
     0 | D:5      | Reached XP level 1. HP: 19/19 MP: 1/1
    25 | D:6      | Identified the +3 dagger of Wixt {drain, rC+ rCorr Str+4
                  | Int+3}
    56 | D:6      | Noticed a sky beast
    72 | D:6      | Found Rackess's Distillery.
    74 | D:6      | Noticed a necrophage
   147 | D:6      | Noticed a sky beast
   152 | D:6      | Noticed a gnoll sergeant
   152 | D:6      | Noticed a gnoll sergeant
   154 | D:6      | HP: 1/20 [gnoll sergeant/+2 vorpal spear (6)]
   154 | D:6      | Slain by a gnoll sergeant

Illustrated notes

Levels and vault maps discovered:
D:5:      layout_basic, chequers_jeans, minivault_23
D:6:      layout_rooms, lemuel_coloured_pillars_altar,
          mainiacjoe_overflow_concentric_impassable, enter_ossuary_4,
          serial_shops, shop

Action                   || total
-------------------------++-------
Melee: Hand axe          ||     4
Armor: Leather armour    ||     4
Dodge: Dodged            ||    14
